 Dungeon Crawl Stone Soup version 0.22-a0-367-gb72a975 (webtiles) character file.

583 Firecrotchwizard the Cudgeler (level 7, -7/38 HPs)
             Began as a Vine Stalker Fighter on Apr 22, 2018.
             Was a Believer of Wu Jian.
             Mangled by Maimakterion's ghost (10 damage)
             ... on level 5 of the Dungeon.
             The game lasted 00:09:53 (3666 turns).

Firecrotchwizard the Cudgeler (VSFi)                Turns: 3666, Time: 00:09:54

Health: -7/38      AC: 12    Str: 21    XL:     7   Next: 37%
Magic:  0/8        EV:  5    Int:  8    God:    Wu Jian [**....]
Gold:   118        SH:  6    Dex: 13    Spells: 6/6 levels left

rFire    + . .     SeeInvis .   r - +0 morningstar (crush)
rCold    . . .     Gourm    .   w - +2 buckler
rNeg     . . .     Faith    .   s - +0 plate armour
rPois    .         Spirit   +   h - +0 helmet
rElec    .         Reflect  .   (no cloak)
rCorr    .         Harm     .   (no gloves)
MR       .....                  (no boots)
Stlth    ..........             (no amulet)
HPRegen  0.52/turn              l - ring of protection from fire {rF+, !d}
MPRegen  0.11/turn              (no ring)

@: no status effects
A: fangs 2, regeneration 1, magic shield, antimagic bite, no potion heal 3, rot
immunity
a: Wall Jump, Renounce Religion


You were on level 5 of the Dungeon.
You worshipped Wu Jian.
Wu Jian was pleased with you.
You were hungry.

You visited 1 branch of the dungeon, and saw 5 of its levels.

You collected 228 gold pieces.
You spent 110 gold pieces at shops.

Inventory:

Hand Weapons
 a - a +0 flail
 q - a +0 morningstar of protection
   (You found it on level 2 of the Dungeon)
 r - a +0 morningstar of crushing (weapon)
   (You took it off an orc on level 3 of the Dungeon)
 y - a +2 short sword of speed
   (You found it on level 4 of the Dungeon)
 B - a +1 short sword of flaming
   (You took it off an orc on level 5 of the Dungeon)
Missiles
 z - a throwing net {=f, !d}
Armour
 b - a +0 scale mail
 c - a +0 shield
 h - a +0 helmet (worn)
   (You found it on level 2 of the Dungeon)
 s - a +0 plate armour (worn)
   (You found it on level 3 of the Dungeon)
 w - a +2 buckler (worn)
   (You found it on level 4 of the Dungeon)
Jewellery
 l - a ring of protection from fire (left hand) {rF+, !d}
   (You found it on level 1 of the Dungeon)
Scrolls
 k - 2 scrolls of remove curse
 m - 4 scrolls of teleportation {unknown}
 u - a scroll of fog {unknown}
 v - a scroll of identify
 x - a scroll of fear {unknown}
 C - a scroll of random uselessness {unknown}
Potions
 d - a potion of might
 e - 4 potions of curing
 g - a potion of lignification {unknown}
 i - 2 potions of mutation {unknown}
 j - 2 potions of brilliance {unknown}
 n - a potion of haste {unknown}
 p - a potion of degeneration {unknown}
 t - a potion of agility
 A - a potion of cancellation
Comestibles
 f - 7 rations {@e1}
 o - 6 chunks of flesh {@w0}


   Skills:
 + Level 4.7 Fighting
 * Level 5.7 Maces & Flails
 - Level 2.4 Armour
 + Level 3.2 Shields


You had 6 spell levels left.
You didn't know any spells.

Dungeon Overview and Level Annotations

Branches:
Dungeon (5/15)
 Temple: D:4-7

Altars:
Ashenzari
Qazlal
Ru
Trog
Wu Jian
Xom
Zin

Shops:
D:4 *

Annotations:
D:4 2 transporters
D:5 Maimakterion's ghost, novice DENe


Innate Abilities, Weirdness & Mutations

You have extremely sharp teeth.
Your natural rate of healing is unusually fast.
When hurt, damage is shared between your health and your magic reserves.
Your bite disrupts and absorbs the magic of your enemies.
Potions cannot restore your health.
You are immune to rotting.


Message History

You impale the orc!!
You kill the orc!
The Council accepts your kill. The orc hits you but does no damage.
The orc hits you with a whip.
You take 1 damage, and have 35/38 hp.
You closely miss the orc. You bite the orc. You drain its power.
The orc barely misses you. The orc hits you but does no damage.
You closely miss the orc. Your bite misses the orc.
You block the orc's attack. x2
You puncture the orc!
You kill the orc!
The Council accepts your kill. You block the orc's attack.
You barely miss the orc. Your bite misses the orc. You block the orc's attack.
Health restored: 38 Your plate armour prevents you from hitting the orc.
The orc hits you but does no damage. x2
You closely miss the orc. You bite the orc. You drain its power.
The orc hits you with a short sword of flaming.
You take 2 damage, and have 36/38 hp.
You closely miss the orc. You bite the orc, but do no damage.
The orc hits you but does no damage.
You puncture the orc!
You kill the orc!
The Council accepts your kill.
No target in view!
Things that are here:
a whip; an orc corpse; Health restored: 38 You butcher the orc corpse.
o - 6 chunks of flesh {@w0} (gained 1)
You see here a whip. x2
B - a short sword of flaming
f - 7 rations {@e1} (gained 1)
You open the door.
There is an open door here.
You open the door.
There is an open door here.
You open the door.
There is an open door here.
Found a stone staircase leading down.
C - a scroll labeled YZESCHE ROKAM An adder comes into view.
The adder hisses angrily.
The adder bites you but does no damage.
You barely miss the adder. The adder bites you but does no damage.
You hit the adder. Your bite misses the adder.
The adder bites you but does no damage. x2
You miss the adder. Your bite misses the adder.
The adder bites you but does no damage.
You closely miss the adder. The adder closely misses you.
The adder barely misses you.
Maimakterion's ghost (novice Deep Elf Necromancer) comes into view.
You barely miss the adder.
Maimakterion's ghost turns its malevolent gaze towards you.
The adder bites you but does no damage. You block the adder's attack.
Your plate armour prevents you from hitting the adder.
You bite the adder, but do no damage. You block the adder's attack.
Maimakterion's ghost mumbles some strange words.
Maimakterion's ghost's wounds begin to heal before your eyes!
You closely miss the adder. Your bite misses the adder.
The adder barely misses you. x2
You are feeling hungry.
You bludgeon the adder!!
You kill the adder!
The Council accepts your kill.
Here: Maimakterion's ghost (regenerating)
The floor.
You lunge at Maimakterion's ghost.
You miss Maimakterion's ghost. Maimakterion's ghost hits you!
You take 8 damage, and have 30/38 hp.
MASSIVE DAMAGE!!
You now have 6/8 mp.
You closely miss Maimakterion's ghost. You bite Maimakterion's ghost!
Maimakterion's ghost's magic leaks into the air.
You drain its magic.
You feel invigorated. Maimakterion's ghost hits you!
You take 7 damage, and have 23/38 hp.
You now have 5/8 mp.
You sock Maimakterion's ghost! You bite Maimakterion's ghost.
Maimakterion's ghost's magic leaks into the air.
You drain its magic.
You feel invigorated. Maimakterion's ghost hits you.
Maimakterion's ghost hits you!
* * * LOW HITPOINT WARNING * * *
You take 12 damage, and have 11/38 hp.
MASSIVE DAMAGE!!
You now have 2/8 mp.
You closely miss Maimakterion's ghost. You bite Maimakterion's ghost.
Maimakterion's ghost's magic leaks into the air.
You drain its magic.
You feel invigorated. Maimakterion's ghost hits you!
* * * LOW HITPOINT WARNING * * *
You take 5 damage, and have 6/38 hp.
Your plate armour prevents you from hitting Maimakterion's ghost.
Your bite misses Maimakterion's ghost.
Maimakterion's ghost falters for a moment.
You closely miss Maimakterion's ghost. Your bite misses Maimakterion's ghost.
Maimakterion's ghost hits you!
* * * LOW HITPOINT WARNING * * *
You take 6 damage, and have 1/38 hp.
You now have 0/8 mp.
You sock Maimakterion's ghost! Your bite misses Maimakterion's ghost.
Maimakterion's ghost hits you but does no damage.
You barely miss Maimakterion's ghost. Your bite misses Maimakterion's ghost.
Maimakterion's ghost hits you!
You die...

#.....
#############.....
#######>..........'.....
...[..........#####.....
..............# #.....
..............# #.....
..............# #.....
..............#####.....
......W@......+.........
..............##########
....###'####### ...
).################ .
#####..............
#.#############
#.##........ ##.##'#####
## ##.#####.........#


You could see Maimakterion's ghost.

Vanquished Creatures
  Eustachio (D:4)
  A scorpion (D:2)
  2 orc priests
  A bullfrog skeleton (D:4)
  Jessica (D:2)
  An orc wizard (D:4)
  2 worker ants (D:4)
  Robin (D:2)
  3 gnolls (D:4)
  6 adders
  5 worms
  7 leopard geckos
  9 orcs
  4 giant cockroaches
  10 hobgoblins
  3 jackals (D:3)
  6 quokkas
  11 bats
  7 frilled lizards
  17 goblins
  4 kobolds
  4 rats
106 creatures vanquished.

Notes
Turn   | Place    | Note
-------+----------+-------------------------------------------
     0 | D:1      | Firecrotchwizard the Vine Stalker Fighter began the quest for the Orb.
     0 | D:1      | Reached XP level 1. HP: 11/11 MP: 2/2
    42 | D:1      | Reached skill level 2 in Maces & Flails
   409 | D:1      | Reached XP level 2. HP: 16/16 MP: 3/3
   884 | D:2      | Reached skill level 3 in Fighting
   972 | D:2      | Noticed Jessica
   983 | D:2      | Killed Jessica
   983 | D:2      | Reached skill level 3 in Maces & Flails
   983 | D:2      | Reached XP level 3. HP: 6/20 MP: 1/4
   985 | D:2      | HP: 5/20 [bat (1)]
   998 | D:2      | Found an ornate altar of the Wu Jian Council.
  1238 | D:2      | Became a worshipper of the Wu Jian Council
  1262 | D:2      | Gained mutation: Your natural rate of healing is unusually fast. [Vine Stalker growth]
  1262 | D:2      | Reached XP level 4. HP: 9/24 MP: 5/5
  1308 | D:2      | Found a glowing silver altar of Zin.
  1323 | D:2      | Found a shattered altar of Ashenzari.
  1364 | D:2      | Found a stormy altar of Qazlal.
  1482 | D:2      | Found a faded altar of an unknown god.
  1509 | D:2      | Reached XP level 5. HP: 21/28 MP: 3/6
  1538 | D:2      | Reached skill level 4 in Maces & Flails
  1756 | D:2      | Noticed Robin
  1766 | D:2      | Killed Robin
  1782 | D:2      | Reached * piety under Wu Jian
  2039 | D:3      | Found a shimmering altar of Xom.
  2135 | D:3      | Reached skill level 4 in Fighting
  2135 | D:3      | Reached XP level 6. HP: 30/33 MP: 7/7
  2176 | D:3      | Found a bloodstained altar of Trog.
  2287 | D:3      | Reached ** piety under Wu Jian
  2624 | D:3      | Found a sacrificial altar of Ru.
  2682 | D:4      | Found a transporter.
  2687 | D:4      | Found a transporter.
  2728 | D:4      | HP: 1/33 [orc priest/divine providence (10)]
  2736 | D:4      | HP: 3/33 [orc priest/nerve-wracking pain (3)]
  2741 | D:4      | HP: 1/33 [something/magic dart (2)]
  2750 | D:4      | HP: 5/33 [orc wizard/dagger (1)]
  2754 | D:4      | Reached skill level 5 in Maces & Flails
  2983 | D:4      | Noticed Eustachio
  3009 | D:4      | Found a shimmering altar of Xom.
  3171 | D:4      | Found Panajug's General Store.
  3180 | D:4      | Bought a potion of cancellation for 80 gold pieces
  3180 | D:4      | Bought a scroll of remove curse for 30 gold pieces
  3270 | D:4      | Reached skill level 3 in Shields
  3270 | D:4      | Reached XP level 7. HP: 36/38 MP: 6/8
  3486 | D:4      | Killed Eustachio
  3515 | D:5      | Entered Level 5 of the Dungeon
  3655 | D:5      | Noticed Maimakterion's ghost (novice DENe)
  3662 | D:5      | HP: 6/38 [Maimakterion's ghost (6)]
  3664 | D:5      | HP: 1/38 [Maimakterion's ghost (6)]
  3666 | D:5      | Mangled by Maimakterion's ghost

Vault maps used:
D:1:      dpeg_arrival_boxes_within_box
D:2:      zin_academy, nicolae_overflow_crystal_walls, ashenzari_altar_1,
          grunt_qazlal_clouds, serial_forest, infiniplex_forest_diagonal,
          infiniplex_forest_zigzag_2, infiniplex_forest_lined_4_way,
          infiniplex_forest_end_3, infiniplex_forest_lined_1,
          infiniplex_forest_lined_2, infiniplex_forest_clump_diagonal,
          infiniplex_forest_lined_room_3, infiniplex_forest_clump_cross,
          infiniplex_forest_end_1, chequers_ecumenical_altar_simple_redux,
          serial_bayou_pond_d, uniq_jessica, uniq_robin
D:3:      lemuel_coloured_pillars_altar, lemuel_crystal_altar, first_ration,
          trog_book
D:4:      gammafunk_steamed_eel, serial_shops, nicolae_shop_trees,
          xom_teletrap_fun, uniq_eustachio
D:5:      cheibrodos_helix_gallery, kennysheep_mini, basic_altar

Skill      XL: |  1  2  3  4  5  6 |
---------------+-------------------+-----
Maces & Flails | 2 3 4 5 |  5.7
Fighting       | 3 4 |  4.7
Shields        | 3 |  3.2
Armour         | |  2.4

Action                   |  1- 3 |  4- 6 |  7- 9 || total
-------------------------+-------+-------+-------++-------
Melee: Flail             |    89 |    59 |       ||   148
       Bite              |    11 |    76 |    17 ||   104
       Morningstar       |       |   177 |    51 ||   228
Invok: Lunge             |     1 |    21 |     2 ||    24
       Whirlwind         |       |     5 |       ||     5
       Wall Jump         |       |     2 |       ||     2
  Use: Scroll            |       |     1 |       ||     1
  Eat: Chunk             |     1 |     7 |     1 ||     9
Armor: Scale mail        |    49 |    52 |       ||   101
       Plate armour      |       |    53 |    24 ||    77
Dodge: Dodged            |    34 |    45 |     6 ||    85
Block: Shield            |    80 |    75 |       ||   155
       Buckler           |       |     7 |    11 ||    18

Table legend:
 A = Spawn XP
 B = Non-spawn XP
 C = Spawn XP percentage of total XP
 D = Spawn monster count
 E = Non-spawn monster count
 F = Spawn count percentage of total count
 G = Total turns spent on level
                    A         B        C        D         E        F      G
               +---------+---------+-------+---------+---------+-------+---------
         Total |       0 |     834 |   0.0 |       0 |     106 |   0.0 |  3666
               +---------+---------+-------+---------+---------+-------+---------
           D:1 |       0 |      20 |   0.0 |       0 |      14 |   0.0 |   874
           D:2 |       0 |     215 |   0.0 |       0 |      40 |   0.0 |  1122
           D:3 |       0 |     133 |   0.0 |       0 |      31 |   0.0 |   670
           D:4 |       0 |     441 |   0.0 |       0 |      16 |   0.0 |   849
           D:5 |       0 |      25 |   0.0 |       0 |       5 |   0.0 |   151
               +---------+---------+-------+---------+---------+-------+---------

Vault maps used:
D:1:      dpeg_arrival_boxes_within_box
D:2:      zin_academy, nicolae_overflow_crystal_walls, ashenzari_altar_1,
          grunt_qazlal_clouds, serial_forest, infiniplex_forest_diagonal,
          infiniplex_forest_zigzag_2, infiniplex_forest_lined_4_way,
          infiniplex_forest_end_3, infiniplex_forest_lined_1,
          infiniplex_forest_lined_2, infiniplex_forest_clump_diagonal,
          infiniplex_forest_lined_room_3, infiniplex_forest_clump_cross,
          infiniplex_forest_end_1, chequers_ecumenical_altar_simple_redux,
          serial_bayou_pond_d, uniq_jessica, uniq_robin
D:3:      lemuel_coloured_pillars_altar, lemuel_crystal_altar, first_ration,
          trog_book
D:4:      gammafunk_steamed_eel, serial_shops, nicolae_shop_trees,
          xom_teletrap_fun, uniq_eustachio
D:5:      cheibrodos_helix_gallery, kennysheep_mini, basic_altar

Table legend:
 A = Turns spent in this place as a percentage of turns spent in the entire game.
 B = Non-inter-level travel turns spent in this place as a percentage of non-inter-level travel turns spent in the entire game.
 C = Inter-level travel turns spent in this place as a percentage of turns spent in this place.
 D = Turns resting spent in this place as a percentage of non-inter-level travel turns spent in this place.
 E = Turns spent auto-exploring this place as a percentage of non-inter-level travel turns spent in this place.
 F = Non-inter-level travel turns spent in this place divided by the number of levels of this place that you've seen.
                   A       B       C       D       E      F
               +-------+-------+-------+-------+-------+----------------------
         Total | 100.0 | 100.0 |   3.7 |  19.5 |  57.0 | 706.4
       Dungeon | 100.0 | 100.0 |   3.7 |  19.5 |  57.0 | 706.4
               +-------+-------+-------+-------+-------+----------------------

Table legend:
 A = Kills in this place as a percentage of kills in entire the game.
 B = Kills by you in this place as a percentage of kills by you in the entire game.
 C = Kills by friends in this place as a percentage of kills by friends in the entire game.
 D = Other kills in this place as a percentage of other kills in the entire game.
 E = Experience gained in this place as a percentage of experience gained in the entire game.
 F = Experience gained in this place divided by the number of levels of this place that you have seen.
                   A       B       C       D       E      F
               +-------+-------+-------+-------+-------+----------------------
         Total | 100.0 | 100.0 |   N/A |   N/A | 100.0 | 166.8
       Dungeon | 100.0 | 100.0 |   N/A |   N/A | 100.0 | 166.8
               +-------+-------+-------+-------+-------+----------------------
